 Dungeon Crawl Stone Soup version 0.30.0-29-ga12c61a403 (webtiles) character file.

Game seed: 9707098013067178442

307 H0rd4k the Charlatan (level 6, -2/46 HPs)
             Began as a Human Artificer on June 7, 2023.
             Slain by Duvessa
             ... wielding a +2 vampiric short sword
              (6 damage)
             ... on level 4 of the Dungeon.
             The game lasted 00:03:38 (3002 turns).

H0rd4k the Charlatan (Human Artificer)              Turns: 3002, Time: 00:03:39

Health: -2/46      AC:  4    Str: 12    XL:     6   Next: 68%
Magic:  6/6        EV: 12    Int: 13    God:
Gold:   106        SH:  0    Dex: 14    Spells: 5/5 levels left

rFire   . . .        h - +0 mace (heavy)
rCold   + . .        (no shield)
rNeg    . . .        b - +0 leather armour
rPois   .            (no helmet)
rElec   .            (no cloak)
rCorr   .            a - +0 pair of gloves
SInv    .            (no boots)
Will    .....        (no amulet)
Stlth   ++           v - ring of protection from cold
HPRegen 0.27/turn    (no ring)
MPRegen 0.10/turn

%: no passive effects
@: no status effects
A: no striking features
a: no special abilities


You were on level 4 of the Dungeon.
You visited 1 branch of the dungeon, and saw 4 of its levels.

You collected 106 gold pieces.

Inventory:

Hand Weapons
 h - a +0 heavy mace (weapon)
 q - a +0 whip of venom
Missiles
 u - 6 poisoned darts
Armour
 a - a +0 pair of gloves (worn)
 b - a +0 leather armour (worn)
Jewellery
 v - a ring of protection from cold (left hand)
Wands
 c - a wand of flame (12) (quivered)
 d - a wand of charming (6)
 e - a wand of iceblast (1)
Scrolls
 g - 3 scrolls of identify {unknown}
 m - a scroll of vulnerability {unknown}
 n - a scroll of noise {unknown}
 p - a scroll of fear {unknown}
 r - a scroll of teleportation {unknown}
 t - a scroll of immolation {unknown}
Potions
 f - a potion of curing {unknown}
 i - a potion of mutation {unknown}
 j - a potion of berserk rage {unknown}
 k - a potion of lignification {unknown}
 l - a potion of degeneration {unknown}
 o - a potion of heal wounds {unknown}
 s - a potion of haste {unknown}


   Skills:
 + Level 2.7 Fighting
 + Level 3.4 Maces & Flails
 - Level 2.0 Armour
 + Level 2.5 Dodging
 + Level 2.4 Stealth
 + Level 3.9 Evocations


You had 5 spell levels left.
You didn't know any spells.
Your spell library contained the following spells:

 Spells                   Type           Power      Damage    Failure   Level
 Kiss of Death            Conj/Necr      0%         2d5       36%         1
 Ensorcelled Hibernation  Hex/Ice        0%         N/A       52%         2
 Passwall                 Tmut/Erth      0%         N/A       52%         2
 Call Canine Familiar     Summ           0%         N/A       75%         3
 Confusing Touch          Hex            0%         N/A       75%         3
 Dazzling Flash           Conj/Hex       0%         N/A       75%         3
 Portal Projectile        Hex/Tloc       0%         N/A       75%         3
 Swiftness                Air            0%         N/A       75%         3
 Volatile Blastmotes      Fire/Tloc      0%         2d10      75%         3
 Dispel Undead            Necr           0%         3d6       98%         4
 Iskenderun's Mystic Bla  Conj/Tloc      0%         2d3       98%         4
 Leda's Liquefaction      Hex/Erth       0%         N/A       98%         4
 Starburst                Conj/Fire      0%         6d3       100%        6


Dungeon Overview and Level Annotations

Branches:
Dungeon (4/15)
 Temple: D:4-7

Altars:
Xom

Shops:
D:1 ?

Annotations:
D:4 Dowan, Duvessa


Message History

The endoplasm hits Dowan but does no damage.
Duvessa hits you with a +2 vampiric short sword.
Duvessa draws strength from your wounds!
Dowan hits the endoplasm with a +0 dagger.
The endoplasm dies!
You hit Duvessa.
Duvessa is severely wounded.
Duvessa barely misses you.
Dowan closely misses Duvessa.
Duvessa hits you with a +2 vampiric short sword.
Dowan hits Duvessa with a +0 dagger.
Unknown command.
You closely miss Duvessa.
Duvessa is severely wounded.
Duvessa hits you with a +2 vampiric short sword!
Dowan closely misses Duvessa.
Duvessa hits you with a +2 vampiric short sword.
Dowan casts a spell.
Dowan blinks!
You hit Duvessa.
Duvessa is severely wounded.
Duvessa hits you with a +2 vampiric short sword!
Duvessa draws strength from your wounds!
Duvessa barely misses you.
Unknown command.
You closely miss Duvessa.
Duvessa is severely wounded.
Duvessa hits you with a +2 vampiric short sword!
* * * LOW HITPOINT WARNING * * *
Duvessa draws strength from your wounds!
Dowan hits Duvessa with a +0 dagger.
Duvessa hits you with a +2 vampiric short sword.
* * * LOW HITPOINT WARNING * * *
Duvessa draws strength from your wounds!
Dowan hits Duvessa with a +0 dagger.
Aiming: Charm
Press: ? - help, Shift-Dir - straight line, f/p - Duvessa
Aim: Duvessa, wielding a +2 vampiric short sword and wearing a +0 leather armour (heavily wounded, ally target, chance to affect: 41%) Duvessa resists with some effort.
Duvessa hits you with a +2 vampiric short sword.
You die...

# #. # .#
.# .#
###.###
.##.......
.........
#e.......
#@e......
##.......
.......
[......
##.#### .#
. .#


You could see Duvessa (ally target) and the friendly Dowan (charmed).

Vanquished Creatures
  Sigmund (D:3)
  An orc priest (D:3)
  4 adders
  A worm (D:3)
  3 dart slugs
  2 orcs (D:3)
  4 ball pythons
  2 endoplasms
  A goblin (D:1)
  8 hobgoblins
  3 jackals (D:1)
  8 kobolds
  3 quokkas
  6 bats
  6 frilled lizards
  7 rats
60 creatures vanquished.

Vanquished Creatures (collateral kills)
  An orc (D:3)
  2 ball pythons (D:1)
  2 endoplasms
  A hobgoblin (D:3)
6 creatures vanquished.

Vanquished Creatures (others)
  2 orcs (D:3)
2 creatures vanquished.

Grand Total: 68 creatures vanquished

Notes
Turn   | Place    | Note
-------+----------+-------------------------------------------
     0 | D:1      | H0rd4k the Human Artificer began the quest for the Orb.
     0 | D:1      | Reached XP level 1. HP: 15/15 MP: 1/1
   230 | D:1      | Reached XP level 2. HP: 7/21 MP: 2/2
   511 | D:1      | Found Rufaadghe's Magic Scroll Shop.
   511 | D:1      | Found a faded altar of an unknown god.
   693 | D:1      | Reached XP level 3. HP: 16/26 MP: 3/3
   871 | D:1      | Reached skill level 1 in Maces & Flails
  1444 | D:2      | Found a shimmering altar of Xom.
  1627 | D:2      | Reached XP level 4. HP: 32/32 MP: 4/4
  2361 | D:3      | Reached XP level 5. HP: 14/38 MP: 5/5
  2536 | D:3      | Noticed Sigmund
  2550 | D:3      | Killed Sigmund
  2551 | D:3      | Reached XP level 6. HP: 18/46 MP: 6/6
  2990 | D:4      | Noticed Duvessa
  2990 | D:4      | Noticed Dowan
  3002 | D:4      | Slain by Duvessa

Illustrated notes

Levels and vault maps discovered:
D:1:      matt_arrival_spirals, layout_loops_corners,
          shapermc_ecumenical_altar_mp_ritualfount, serial_shops, shop
D:2:      layout_loops_corners, basic_altar
D:3:      layout_rooms, uniq_sigmund
D:4:      layout_loops_ring, mainiacjoe_overflow_paths, lemuel_blue_sif_altar,
          minmay_temple_entry_mist, uniq_duvessa

Skill      XL: |  1  2  3  4  5 |
---------------+----------------+-----
Maces & Flails | 1 2 3 |  3.4
Fighting       | 2 |  2.7
Dodging        | 2 |  2.5
Stealth        | 2 |  2.4
Armour         | |  2.0
Evocations     | |  3.9

Action                     |  1- 3 |  4- 6 || total
---------------------------+-------+-------++-------
  Melee: Club              |    10 |       ||    10
         Mace              |   103 |    77 ||   180
         Punch             |       |     2 ||     2
  Evoke: Wand              |     1 |    15 ||    16
   Stab: Sleeping          |     5 |     3 ||     8
 Armour: Leather armour    |    73 |    41 ||   114
  Dodge: Dodged            |   120 |    56 ||   176
